 Dungeon Crawl Stone Soup version 0.30-a0-242-g7bf8e6d787 (webtiles) character file.

Game seed: 12208411524681219351

338 KennySheep the Trooper (level 6, 0/67 HPs)
             Began as an Ogre Cinder Acolyte on Oct 11, 2022.
             Was a Priest of Ignis.
             Succumbed to a gnoll's poison
             ... on level 4 of the Dungeon.
             The game lasted 00:06:37 (3141 turns).

KennySheep the Trooper (Ogre Cinder Acolyte)        Turns: 3141, Time: 00:06:38

Health: 0/67       AC: 10    Str: 21    XL:     6   Next: 55%
Magic:  21/21      EV:  9    Int: 15    God:    Ignis [***...]
Gold:   158        SH:  0    Dex:  4    Spells: 5/7 levels left

rFire   + . .      SeeInvis .    i - +0 giant spiked club
rCold   . . .      Faith    +    (shield currently unavailable)
rNeg    . . .      Spirit   .    b - +0 robe
rPois   .          Reflect  .    (helmet restricted)
rElec   .          Harm     .    (no cloak)
rCorr   .          Rampage  .    (gloves unavailable)
Will    .....                    (boots unavailable)
Stlth   +.........               q
                                   - Hermit's Pendant {Faith Invo=14 Evo=0 MP+5}
HPRegen 0.31/turn                (no ring)
MPRegen 0.17/turn                (no ring)

@: mighty, lethally poisoned (0 -> -17), fiery-armoured
A: large, unfitting armour, tough skin 1
a: Renounce Religion, Fiery Armour, Foxfire Swarm, Rising Flame


You were on level 4 of the Dungeon.
You worshipped Ignis.
Ignis was most pleased with you.
You visited 1 branch of the dungeon, and saw 4 of its levels.

You collected 158 gold pieces.

Inventory:

Hand Weapons
 a - a -1 mace of flaming
 i - a +0 giant spiked club (weapon)
Missiles
 n - 5 poisoned darts
 o - 23 stones
 p - 5 javelins
Armour
 b - a +0 robe (worn)
Jewellery
 q - the Hermit's Pendant (around neck) {Faith Invo=14 Evo=0 MP+5}
   (You found it on level 3 of the Dungeon)

   [amulet of faith]

   It sets your invocations skill to 14 and your evocations skill to 0.
   It allows you to gain divine favour quickly.
   MP:        It affects your magic capacity (+5).
 v - an amulet of regeneration
Scrolls
 d - a scroll of vulnerability {unknown}
 h - 2 scrolls of torment
 l - a scroll of teleportation {unknown}
 r - 2 scrolls of identify
 t - 2 scrolls of enchant weapon {unknown}
 u - a scroll of poison {unknown}
 w - a scroll of fear {unknown}
 x - a scroll of summoning {unknown}
Potions
 c - 2 potions of might
 e - a potion of haste {unknown}
 g - 2 potions of lignification {unknown}
 j - 2 potions of brilliance {unknown}
 k - a potion of degeneration {unknown}
 m - a potion of curing {unknown}
 s - a potion of berserk rage {unknown}


   Skills:
 + Level 6.2 Fighting
 * Level 5.5 Maces & Flails
 - Level 1.2 Spellcasting
 - Level 2.6 Fire Magic


You had 5 spell levels left.
You knew the following spells:

 Your Spells              Type           Power      Damage    Failure   Level
a - Scorch                Fire           16%        2d6       12%         2

Your spell library contained the following spells:

 Spells                   Type           Power      Damage    Failure   Level
 Freeze                   Ice            0%         1d3       24%         1
 Dazzling Flash           Conj/Hex       0%         N/A       58%         3
 Frozen Ramparts          Ice            0%         1d1       58%         3
 Hailstorm                Conj/Ice       0%         3d3       58%         3
 Portal Projectile        Hex/Tloc       0%         N/A       58%         3
 Tukima's Dance           Hex            0%         N/A       58%         3
 Iskenderun's Mystic Bla  Conj/Tloc      0%         2d3       94%         4
 Blade Hands              Tmut           0%         N/A       100%        5
 Starburst                Conj/Fire      2%         6d3       100%        6


Dungeon Overview and Level Annotations

Branches:
Dungeon (4/15)
 Temple: D:4-7

Altars:
Kikubaaqudgha
Okawaru
Ru
Trog
Uskayaw

Shops:
D:3 (


Innate Abilities, Weirdness & Mutations

You are too large for most types of armour.
You have tough skin. (AC +1)


Message History

The gnoll bouda barks out a call to the hunt!
The gnoll picks up the pace!
You barely miss the gnoll bouda.
The gnoll bouda is heavily wounded.
The gnoll bouda closely misses you. The gnoll bouda misses you.
You closely miss the gnoll bouda.
The gnoll bouda is heavily wounded.
You feel less invigorated.
You feel less confused.
The gnoll bouda hits you with a +0 whip!
The gnoll bouda is burned by your cloak of flames.
The gnoll bouda is heavily wounded.
You sock the gnoll bouda!
You kill the gnoll bouda!
The gnoll closely misses you. The gnoll hits you but does no damage.
The gnoll is burned by your cloak of flames.
The gnoll is moderately wounded.
You barely miss the gnoll.
The gnoll is moderately wounded.
The gnoll hits you with a +0 whip.
The gnoll is burned by your cloak of flames.
The gnoll is almost dead.
The gnoll closely misses you.
The gnoll hits you from afar with a +2 halberd of venom!
You are poisoned.
The gnoll barely misses you.
You hit the gnoll.
You kill the gnoll!
You feel extremely sick.
The gnoll is no longer moving quickly.
The gnoll misses you.
You feel very sick. The gnoll hits you but does no damage.
You see here an adder corpse.
You feel very sick.
You feel sick.
You feel sick.
The gnoll hits you from afar with a +2 halberd of venom!
* * * LOW HITPOINT WARNING * * *
You are more poisoned.
You die...

#######.#....# #. #)# #.##
.##.##### #g# # ........#
#g# ........# #)# .........#
#.# .........# #†########.##
.........###.g..........
................@>......
........#.##..............
###..##.#.##..............
#........#..............
#.###.................... #
#......##.##.####.#.#.##
###.#.>....................#
..........#.......#..##.#..#
..........#....#..#.....##o#


You could see a gnoll (swift).

Vanquished Creatures
  An ogre (D:2)
  A howler monkey (D:4)
  A gnoll bouda (D:4)
  An orc priest (D:4)
  Terence (D:2)
  2 adders
  3 gnolls
  A shadow imp (D:4)
  A white imp (D:4)
  A worm (D:2)
  A dart slug (D:1)
  5 orcs
  7 bats
  6 endoplasms
  3 giant cockroaches
  A goblin (D:1)
  5 hobgoblins
  2 jackals (D:3)
  6 kobolds (D:1)
  4 quokkas
  6 ball pythons
  2 frilled lizards
  7 rats
68 creatures vanquished.

Vanquished Creatures (others)
  A human (D:3)
  16 foxfires (D:4)
17 creatures vanquished.

Grand Total: 85 creatures vanquished

Notes
Turn   | Place    | Note
-------+----------+-------------------------------------------
     0 | D:1      | KennySheep the Ogre Cinder Acolyte began the quest for the
                  | Orb.
     0 | D:1      | Reached XP level 1. HP: 24/24 MP: 2/2
   101 | D:1      | Reached XP level 2. HP: 6/32 MP: 3/3
   650 | D:2      | Reached XP level 3. HP: 37/40 MP: 4/4
   680 | D:2      | Noticed an ogre
   697 | D:2      | Killed an ogre
   698 | D:2      | Reached skill level 5 in Fighting
   698 | D:2      | Reached XP level 4. HP: 40/50 MP: 5/5
   841 | D:2      | Reached XP level 5. HP: 47/57 MP: 6/6
   986 | D:2      | Identified the +4 ring mail of the Tuna {-Cast -Tele Str+7}
  1065 | D:2      | Noticed Terence
  1072 | D:2      | Killed Terence
  1409 | D:3      | Learned a level 2 spell: Scorch
  1538 | D:3      | Found a sacrificial altar of Ru.
  1637 | D:3      | Found a faded altar of an unknown god.
  1637 | D:3      | Found the Hermit's Pendant {Faith Invo=14 Evo=0 MP+5}
  1808 | D:3      | Found an iron altar of Okawaru.
  1809 | D:3      | Found a bloodstained altar of Trog.
  2028 | D:3      | Found Zece's Antique Weapon Boutique.
  2285 | D:3      | Found a hide-covered altar of Uskayaw.
  2308 | D:3      | Found an ancient bone altar of Kikubaaqudgha.
  2309 | D:3      | Noticed a human
  2311 | D:3      | Killed a human
  2760 | D:4      | Reached skill level 5 in Maces & Flails
  2760 | D:4      | Reached XP level 6. HP: 17/67 MP: 16/16
  3109 | D:4      | Reached skill level 6 in Fighting
  3141 | D:4      | Succumbed to a gnoll's poison

Illustrated notes

Levels and vault maps discovered:
D:1:      lightli_arrival_quake, layout_rooms, st_stairs_7
D:2:      layout_rooms, minmay_misc_feat_four_crosses, uniq_terence
D:3:      layout_basic, tgw_kikubaaqudgha, nicolae_uskayaw_dance_hall,
          mainiacjoe_overflow_paths, grunt_temple_overflow_bloody_war,
          serial_shops, shop_fountains, kennysheep_decorative_pillar,
          hellmonk_guarded_unrand_hermit
D:4:      layout_basic

Skill      XL: |  1  2  3  4  5  6 |
---------------+-------------------+-----
Maces & Flails | 3 4 5 |  5.5
Fighting       | 5 6 |  6.2
Spellcasting   | |  1.2
Fire Magic     | |  2.6

Action                   |  1- 3 |  4- 6 || total
-------------------------+-------+-------++-------
Melee: Mace              |    72 |       ||    72
       Punch             |     2 |       ||     2
       Giant spiked club |       |   171 ||   171
 Cast: Scorch            |       |     8 ||     8
Invok: Fiery Armour      |     2 |     2 ||     4
       Foxfire Swarm     |       |     1 ||     1
  Use: Scroll            |       |     2 ||     2
       Potion            |       |     5 ||     5
Armor: Robe              |    29 |    79 ||   108
Dodge: Dodged            |    37 |   120 ||   157

Table legend: (Time is in decaauts)
 A = Elapsed time spent in this place.
 B = Non-inter-level travel time spent in this place.
 C = Inter-level travel time spent in this place.
 D = Time resting spent in this place.
 E = Time spent auto-exploring this place.
 F = Levels seen in this place.
 G = Mean time per level.
                   A        B        C        D        E       F      G
               +--------+--------+--------+--------+--------+-----+--------+
         Total |   3253 |   3020 |    233 |    412 |   1972 |   4 |  813.2 |
       Dungeon |   3253 |   3020 |    233 |    412 |   1972 |   4 |  813.2 |
               +--------+--------+--------+--------+--------+-----+--------+

Top non-repeatable levels by time:
     D:3: 1372 daAuts
     D:1: 738 daAuts
     D:2: 666 daAuts
     D:4: 476 daAuts
